 Dungeon Crawl Stone Soup version 0.32-a0-612-g1c984fe9d1 (webtiles) character file.

Game seed: 1883517031359421675

149 tilp the Vexing (level 5, -2/38 HPs)
             Began as a Vampire Enchanter on Mar 4, 2024.
             Slain by a sleepcap (8 damage)
             ... on level 2 of the Dungeon.
             The game lasted 00:03:17 (1841 turns).

tilp the Vexing (Vampire Enchanter)                 Turns: 1841, Time: 00:03:17

Health: -2/38      AC:  4    Str:  7    XL:     5   Next: 9%
Magic:  2/8        EV: 12    Int: 20    God:
Gold:   50         SH:  0    Dex: 14    Spells: 0/8 levels left

rFire   . . .        a - +1 dagger
rCold   . . .        (no shield)
rNeg    . . .        b - +0 robe
rPois   .            (no helmet)
rElec   .            (no cloak)
rCorr   .            (no gloves)
SInv    +            g - +1 pair of boots
Will    .....        (no amulet)
Stlth   +++          (no ring)
HPRegen 0.46/turn    (no ring)
MPRegen 0.11/turn

%: no passive effects
@: confusing by touch, healing quickly
A: alive, fangs 3, see invisible, vampiric 2
a: Exsanguinate


You were on level 2 of the Dungeon.
You visited 1 branch of the dungeon, and saw 3 of its levels.

You collected 50 gold pieces.

Inventory:

Hand Weapons
 a - a +1 dagger (weapon)
Missiles
 f - 3 boomerangs (quivered)
Armour
 b - a +0 robe (worn)
 g - a +1 pair of boots (worn)
Scrolls
 h - a scroll of identify
Potions
 c - 2 potions of invisibility
 e - a potion of berserk rage


   Skills:
 * Level 1.8 Fighting
 + Level 2.0(2.3) Short Blades
 + Level 1.4(1.9) Long Blades
 + Level 2.7 Dodging
 + Level 5.1 Stealth
 + Level 2.4 Spellcasting
 * Level 5.5 Hexes


You couldn't memorise any spells.
You knew the following spells:

 Your Spells              Type           Power      Damage    Failure   Level
a - Ensorcelled Hibernat  Hex/Ice        26%        N/A       8%          2
b - Confusing Touch       Hex            24%        N/A       4%          3
c - Tukima's Dance        Hex            24%        N/A       4%          3

Your spell library contained the following spells:

 Spells                   Type           Power      Damage    Failure   Level
 Dazzling Flash           Conj/Hex       26%        N/A       14%         3


Dungeon Overview and Level Annotations

Branches:
Dungeon (3/15)

Altars:


Innate Abilities, Weirdness & Mutations

Your natural rate of healing is accelerated.
You have razor-sharp teeth.
You have supernaturally acute eyesight. (SInv)
You are afflicted with vampirism and can become a bat while bloodless.


Message History

You climb upwards.
There is a stone staircase leading down here.
Unknown command.
Casting: Confusing Touch (dangerous; 4% risk of failure)
Confirm with . or Enter, or press ? or * to list all spells.
Your hands begin to glow red.
The sleepcap closely misses you.
Unknown command.
You hit the sleepcap but do no damage.
The sleepcap appears confused.
You bite the sleepcap, but do no damage.
The sleepcap releases spores at you but does no damage.
You hit the sleepcap.
The sleepcap is lightly damaged.
You hit the sleepcap.
The sleepcap is lightly damaged.
You hit the sleepcap but do no damage.
The sleepcap is lightly damaged.
The sleepcap releases spores at you.
You are engulfed in a cloud of soporific spores!
You fall asleep.
The sleepcap releases spores at you!
You wake up.
* * * LOW HITPOINT WARNING * * *
Unknown command.
Unknown command.
Unknown command.
You hit the sleepcap.
The sleepcap is moderately damaged.
The sleepcap releases spores at you but does no damage.
You strike the helpless sleepcap from behind!
You puncture the sleepcap! You bite the sleepcap.
The sleepcap is severely damaged.
The sleepcap seems less confused.
The sleepcap releases spores at you!
* * * LOW HITPOINT WARNING * * *
You hit the sleepcap but do no damage.
The sleepcap is severely damaged.
The sleepcap barely misses you.
Unknown command.
Casting: Confusing Touch (dangerous; 4% risk of failure)
Confirm with . or Enter, or press ? or * to list all spells.
Your hands begin to glow red.
The sleepcap releases spores at you!
You die...

#.# #.#####.........#.#
### #.# #.#
#.###.......# #)## #.#
#<# ###.#####
#..###.#####.# #.# #
#............# #.# #
##.###.####### #.# # #.#
#.# ########.## # #.#
#.####...>.....#
######## #.#
#.##....@####..#
#....... #.#
#.##.#..f####..#
#.######
#.###..............# #.#
#.........########.###.#
#######...# #...<.#
##### #######


You could see a sleepcap.

Vanquished Creatures
  Natasha (thrice) (D:2)
  3 adders (D:2)
  A ribbon worm (D:2)
  3 dart slugs (D:1)
  A bat (D:2)
  4 endoplasms (D:1)
  6 goblins
  7 hobgoblins
  3 quokkas
  5 ball pythons
  A frilled lizard (D:1)
  3 rats
40 creatures vanquished.

Notes
Turn   | Place    | Note
-------+----------+-------------------------------------------
     0 | D:1      | tilp the Vampire Enchanter began the quest for the Orb.
     0 | D:1      | Reached XP level 1. HP: 13/13 MP: 3/3
   159 | D:1      | Reached XP level 2. HP: 20/20 MP: 5/5
   169 | D:1      | Learned a level 2 spell: Ensorcelled Hibernation
   685 | D:1      | Reached skill level 1 in Fighting
   685 | D:1      | Gained mutation: You are afflicted with vampirism and can
                  | become a bat while bloodless. [Vampire growth]
   685 | D:1      | Reached XP level 3. HP: 26/26 MP: 3/6
   690 | D:1      | Learned a level 3 spell: Confusing Touch
  1040 | D:2      | Noticed Natasha
  1048 | D:2      | Killed Natasha
  1049 | D:2      | Reached skill level 1 in Long Blades
  1049 | D:2      | Reached skill level 5 in Hexes
  1063 | D:2      | Reached XP level 4. HP: 32/32 MP: 0/7
  1162 | D:2      | Noticed Natasha
  1312 | D:2      | Killed Natasha
  1313 | D:2      | Reached skill level 5 in Stealth
  1346 | D:2      | Noticed Natasha
  1353 | D:2      | Killed Natasha
  1586 | D:2      | Reached XP level 5. HP: 36/38 MP: 3/8
  1642 | D:2      | Learned a level 3 spell: Tukima's Dance
  1841 | D:2      | Slain by a sleepcap

Illustrated notes

Levels and vault maps discovered:
D:1:      mainiacjoe_arrival_oval_in_oval, layout_loops_cross
D:2:      layout_loops_ring, uniq_natasha
D:3:      layout_rooms, ashenzari_altar_1, basic_ecumenical_altar,
          hellmonk_no_cap, uniq_jessica

Skill      XL: |  1  2  3  4 |
---------------+-------------+-----
Fighting       | 1 |  1.8
Long Blades    | 1 |  1.4
Hexes          | 5 |  5.5
Stealth        | 5 |  5.1
Short Blades   | 2 |  2.0
Dodging        | |  2.7
Spellcasting   | |  2.4

Action                     |  1- 3 |  4- 6 || total
---------------------------+-------+-------++-------
  Melee: Dagger            |    65 |    22 ||    87
         Bite              |     5 |     4 ||     9
   Cast: Ensorcelled Hiber |    14 |     7 ||    21
         Confusing Touch   |       |     3 ||     3
    Use: Scroll            |     2 |     2 ||     4
   Stab: Sleeping          |    20 |     8 ||    28
         Confused          |       |     1 ||     1
 Armour: Robe              |    21 |    13 ||    34
  Dodge: Dodged            |    35 |     9 ||    44

Table legend: (Time is in decaauts)
 A = Elapsed time spent in this place.
 B = Non-inter-level travel time spent in this place.
 C = Inter-level travel time spent in this place.
 D = Time resting spent in this place.
 E = Time spent auto-exploring this place.
 F = Levels seen in this place.
 G = Mean time per level.
                   A        B        C        D        E       F      G
               +--------+--------+--------+--------+--------+-----+--------+
         Total |   1834 |   1780 |     54 |    105 |   1283 |   3 |  611.3 |
       Dungeon |   1834 |   1780 |     54 |    105 |   1283 |   3 |  611.3 |
               +--------+--------+--------+--------+--------+-----+--------+

Top non-repeatable levels by time:
     D:2: 898 daAuts
     D:1: 871 daAuts
     D:3: 64 daAuts
